PAA
LAKE MINNETONKA LOVE BOATS @ CHESAPEAKE CONTINENTALS
09/03/2034
 
TOP OF THE 1ST
Lake Minnetonka Love Boats batting - Pitching for Chesapeake Continentals : RHP Alfred Osuch
Pitching: RHP Alfred Osuch
Batting: LHB Tom Haymon 0-0: Foul Ball, location: 2F
0-1: Foul Ball, location: 2F
0-2: Foul Ball, location: 2F
0-2: Ball
1-2: Foul Ball, location: 2F
1-2: Ball
2-2: Foul Ball, location: 2F
2-2: Ball
3-2: Ground out 6-3 (Groundball, 6)
Batting: SHB Mike Waddingham 0-0: Ball
1-0: Ball
2-0: SINGLE (Flyball, 78M)
Batting: RHB Mario van Heijbeeck 0-0: Called Strike
0-1: Ball
1-1: Ball
2-1: Fly out, F8 (Flyball, 8LD)
Batting: LHB Juan Ramírez 0-0: Ball
1-0: Swinging Strike
Pickoff Throw to First - Out!
Top of the 1st over - 0 runs, 1 hit, 0 errors, 0 left on base; Lake Minnetonka 0 - Chesapeake 0
BOTTOM OF THE 1ST
Chesapeake Continentals batting - Pitching for Lake Minnetonka Love Boats : RHP Dennis Blanchard
Pitching: RHP Dennis Blanchard
Batting: RHB Tony Calhoun 0-0: Ground out 6-3 (Groundball, 6)
Batting: SHB Bernie Nutall 0-0: SOLO HOME RUN (Flyball, 7D), Distance : 392 ft
Batting: RHB Santiago Valentín 0-0: Swinging Strike
0-1: Foul Ball, location: 2F
0-2: Ball
1-2: Ball
2-2: Ball
3-2: Strikes out swinging
Batting: LHB Raphaël Duval 0-0: Called Strike
0-1: Ball
1-1: Foul Ball, location: 2F
1-2: Ball
2-2: Ball
3-2: Ground out 4-3 (Groundball, 4)
Bottom of the 1st over - 1 run, 1 hit, 0 errors, 0 left on base; Lake Minnetonka 0 - Chesapeake 1
TOP OF THE 2ND
Lake Minnetonka Love Boats batting - Pitching for Chesapeake Continentals : RHP Alfred Osuch
Batting: LHB Juan Ramírez 0-0: Called Strike
0-1: Ball
1-1: Foul Ball, location: 2F
1-2: Ball
2-2: Foul Ball, location: 2F
2-2: Foul Ball, location: 2F
2-2: Ball
3-2: Foul Ball, location: 2F
3-2: Base on Balls
Batting: LHB Wilton Maynard 0-0: Fielders Choice at 2nd, 4-6 (Groundball, 4)
Batting: RHB Hatui Haunani 0-0: Swinging Strike
0-1: Swinging Strike
0-2: Foul Ball, location: 2F
0-2: Ball
1-2: Foul Ball, location: 2F
1-2: Foul Ball, location: 2F
1-2: Ball
2-2: Foul Ball, location: 2F
2-2: Foul Ball, location: 2F
2-2: Ball
3-2: Base on Balls
Wilton Maynard to second
Batting: RHB Martin van Veldhuizen 0-0: Ball
1-0: Called Strike
1-1: Foul Ball, location: 2F
1-2: Foul Ball, location: 2F
1-2: Strikes out swinging
Batting: RHB Francisco Guerra 0-0: Called Strike
0-1: Fly out, F9 (Flyball, 9)
Top of the 2nd over - 0 runs, 0 hits, 0 errors, 2 left on base; Lake Minnetonka 0 - Chesapeake 1
BOTTOM OF THE 2ND
Chesapeake Continentals batting - Pitching for Lake Minnetonka Love Boats : RHP Dennis Blanchard
Batting: RHB Manuel Ángel 0-0: Called Strike
0-1: Swinging Strike
0-2: Ball
1-2: Ball
2-2: Strikes out swinging
Batting: RHB Mark Sawyer 0-0: SINGLE (Groundball, 56D)
Batting: SHB Tomás Valdéz 0-0: Foul Ball, location: 2F
0-1: Called Strike
0-2: Ball
1-2: Fly out, F7 (Flyball, 7D)
Batting: RHB Shou-chien Luo 0-0: Called Strike
0-1: Ball
1-1: Fly out, F7 (Flyball, 78S)
Bottom of the 2nd over - 0 runs, 1 hit, 0 errors, 1 left on base; Lake Minnetonka 0 - Chesapeake 1
TOP OF THE 3RD
Lake Minnetonka Love Boats batting - Pitching for Chesapeake Continentals : RHP Alfred Osuch
Batting: RHB Yoshii Saikawa 0-0: Ball
1-0: SINGLE (Groundball, 25) (infield hit)
Pinch Runner at 1st Mike Bean:
Batting: LHB Tom Haymon 0-0: Foul Ball, location: 2F
0-1: Ball
1-1: Ball
2-1: Swinging Strike
2-2: Ball
3-2: Base on Balls
Mike Bean to second
Batting: SHB Mike Waddingham 0-0: Ground out 5-3 (Groundball, 56S)
Mike Bean to third
Tom Haymon to second
Batting: RHB Mario van Heijbeeck 0-0: Called Strike
0-1: Called Strike
0-2: Foul Ball, location: 2F
0-2: Strikes out swinging
Batting: LHB Juan Ramírez 0-0: SINGLE (Groundball, 34D)
Mike Bean scores
Tom Haymon to third
Runner from 3rd tries for Home, SAFE, throw made home
Batting: LHB Wilton Maynard 0-0: Called Strike
0-1: Ball
1-1: Ground out 4-3 (Groundball, 34)
Top of the 3rd over - 2 runs, 2 hits, 0 errors, 1 left on base; Lake Minnetonka 2 - Chesapeake 1
BOTTOM OF THE 3RD
Chesapeake Continentals batting - Pitching for Lake Minnetonka Love Boats : RHP Dennis Blanchard
Now at 3B: Mike Bean
Batting: RHB Maurício Calabaa 0-0: Foul Ball, location: 2F
0-1: SINGLE (Line Drive, 56)
Batting: RHB Tony Calhoun 0-0: Called Strike
0-1: Ball
1-1: Foul Ball, location: 2F
1-2: Strikes out swinging
Batting: SHB Bernie Nutall 0-0: Ball
1-0: Fly out, F7 (Flyball, 7D)
Batting: RHB Santiago Valentín 0-0: Ball
1-0: Swinging Strike
1-1: Foul Ball, location: 2F
1-2: SINGLE (Line Drive, 9S)
Maurício Calabaa to second
Runner from 2nd tries for 3rd, SAFE, no throw
Batting: LHB Raphaël Duval 0-0: Ground out 6-3 (Groundball, 56)
Bottom of the 3rd over - 0 runs, 2 hits, 0 errors, 2 left on base; Lake Minnetonka 2 - Chesapeake 1
TOP OF THE 4TH
Lake Minnetonka Love Boats batting - Pitching for Chesapeake Continentals : RHP Alfred Osuch
Batting: RHB Hatui Haunani 0-0: Ball
1-0: Ball
2-0: Ball
3-0: Called Strike
3-1: Swinging Strike
3-2: Base on Balls
Batting: RHB Martin van Veldhuizen 0-0: Fielders Choice at 2nd, 6-4 (Groundball, 6)
Batting: RHB Francisco Guerra 0-0: Fly out, F9 (Flyball, 9S)
Batting: RHB Mike Bean 0-0: Ball
1-0: SINGLE (Groundball, 6MD)
Martin van Veldhuizen to second
Runner from 2nd tries for 3rd, SAFE, no throw
Batting: LHB Tom Haymon 0-0: Called Strike
0-1: Called Strike
0-2: Strikes out swinging
Top of the 4th over - 0 runs, 1 hit, 0 errors, 2 left on base; Lake Minnetonka 2 - Chesapeake 1
BOTTOM OF THE 4TH
Chesapeake Continentals batting - Pitching for Lake Minnetonka Love Boats : RHP Dennis Blanchard
Batting: RHB Manuel Ángel 0-0: Swinging Strike
0-1: Ball
1-1: Ball
2-1: Fly out, F8 (Flyball, 8RM)
Batting: RHB Mark Sawyer 0-0: Called Strike
0-1: Called Strike
0-2: Foul Ball, location: 2F
0-2: Ball
1-2: Ball
2-2: DOUBLE (Groundball, 5L)
Batting: SHB Tomás Valdéz 0-0: Ball
1-0: Ball
2-0: Called Strike
2-1: Called Strike
2-2: Fly out, F8 (Flyball, 8RD)
Batting: RHB Shou-chien Luo 0-0: Foul Ball, location: 2F
0-1: Ground out 4-3 (Groundball, 4)
Bottom of the 4th over - 0 runs, 1 hit, 0 errors, 1 left on base; Lake Minnetonka 2 - Chesapeake 1
TOP OF THE 5TH
Lake Minnetonka Love Boats batting - Pitching for Chesapeake Continentals : RHP Alfred Osuch
Batting: SHB Mike Waddingham 0-0: Ground out 6-3 (Groundball, 6D)
Batting: RHB Mario van Heijbeeck 0-0: Swinging Strike
0-1: Ball
1-1: Ball
2-1: Foul Ball, location: 2F
2-2: Strikes out swinging
Batting: LHB Juan Ramírez 0-0: Ball
1-0: Ground out 4-3 (Groundball, 4)
Top of the 5th over - 0 runs, 0 hits, 0 errors, 0 left on base; Lake Minnetonka 2 - Chesapeake 1
BOTTOM OF THE 5TH
Chesapeake Continentals batting - Pitching for Lake Minnetonka Love Boats : RHP Dennis Blanchard
Batting: RHB Maurício Calabaa 0-0: Ball
1-0: Called Strike
1-1: Foul Ball, location: 2F
1-2: SINGLE (Line Drive, 89M)
Batting: RHB Tony Calhoun 0-0: Sac Bunt - play at first, batter OUT! 2-4
Maurício Calabaa to second
Batting: SHB Bernie Nutall 0-0: Ball
1-0: Foul Ball, location: 2F
1-1: Fly out, F8 (Line Drive, 8LM)
Batting: RHB Santiago Valentín 0-0: Called Strike
0-1: Ball
1-1: Called Strike
1-2: Strikes out swinging
Bottom of the 5th over - 0 runs, 1 hit, 0 errors, 1 left on base; Lake Minnetonka 2 - Chesapeake 1
TOP OF THE 6TH
Lake Minnetonka Love Boats batting - Pitching for Chesapeake Continentals : RHP Alfred Osuch
Batting: LHB Wilton Maynard 0-0: Ball
1-0: Called Strike
1-1: Ground out 6-3 (Groundball, 6)
Batting: RHB Hatui Haunani 0-0: SINGLE (Groundball, 56S) (infield hit)
Batting: RHB Martin van Veldhuizen 0-0: Ball
1-0: Called Strike
1-1: Foul Ball, location: 2F
1-2: Foul Ball, location: 2F
1-2: Foul Ball, location: 2F
1-2: Ball
2-2: Strikes out looking
Batting: RHB Francisco Guerra 0-0: Called Strike
0-1: Ball
1-1: Ball
2-1: Ball
3-1: Base on Balls
Hatui Haunani to second
Pitching: LHP Nicolas Michel
Batting: RHB Mike Bean 0-0: Ball
1-0: Fly out, F7 (Line Drive, 7)
Top of the 6th over - 0 runs, 1 hit, 0 errors, 2 left on base; Lake Minnetonka 2 - Chesapeake 1
BOTTOM OF THE 6TH
Chesapeake Continentals batting - Pitching for Lake Minnetonka Love Boats : RHP Dennis Blanchard
Batting: LHB Raphaël Duval 0-0: Ball
1-0: Fly out, F5 (Popup, 5)
Batting: RHB Manuel Ángel 0-0: Called Strike
0-1: Swinging Strike
0-2: Ball
1-2: Foul Ball, location: 2F
1-2: Foul Ball, location: 2F
1-2: Foul Ball, location: 2F
1-2: Foul Ball, location: 2F
1-2: Ground out U3 (Groundball, 3)
Batting: RHB Mark Sawyer 0-0: Ball
1-0: Swinging Strike
1-1: Ball
2-1: Foul Ball, location: 2F
2-2: Foul Ball, location: 2F
2-2: Foul Ball, location: 2F
2-2: Ball
3-2: Foul Ball, location: 2F
3-2: Strikes out swinging
Bottom of the 6th over - 0 runs, 0 hits, 0 errors, 0 left on base; Lake Minnetonka 2 - Chesapeake 1
TOP OF THE 7TH
Lake Minnetonka Love Boats batting - Pitching for Chesapeake Continentals : LHP Nicolas Michel
Batting: LHB Tom Haymon 0-0: Foul Ball, location: 2F
0-1: Foul Ball, location: 2F
0-2: Ball
1-2: Fly out, F5 (Popup, 5SF)
Batting: SHB Mike Waddingham 0-0: Fly out, F9 (Line Drive, 9D)
Batting: RHB Mario van Heijbeeck 0-0: Fly out, F5 (Line Drive, 56)
Top of the 7th over - 0 runs, 0 hits, 0 errors, 0 left on base; Lake Minnetonka 2 - Chesapeake 1
BOTTOM OF THE 7TH
Chesapeake Continentals batting - Pitching for Lake Minnetonka Love Boats : RHP Dennis Blanchard
Batting: SHB Tomás Valdéz 0-0: Ball
1-0: Ball
2-0: Ball
3-0: Called Strike
3-1: Ground out 4-3 (Groundball, 4M)
Batting: RHB Shou-chien Luo 0-0: Ball
1-0: Ball
2-0: Called Strike
2-1: Foul Ball, location: 2F
2-2: Ball
3-2: Ground out 1-3 (Groundball, 13S)
Batting: RHB Maurício Calabaa 0-0: Foul Ball, location: 2F
0-1: Foul Ball, location: 2F
0-2: Ball
1-2: Fly out, F3 (Popup, 34S)
Bottom of the 7th over - 0 runs, 0 hits, 0 errors, 0 left on base; Lake Minnetonka 2 - Chesapeake 1
TOP OF THE 8TH
Lake Minnetonka Love Boats batting - Pitching for Chesapeake Continentals : LHP Nicolas Michel
Batting: LHB Juan Ramírez 0-0: Called Strike
0-1: Foul Ball, location: 2F
0-2: Strikes out looking
Batting: LHB Wilton Maynard 0-0: Ball
1-0: Foul Ball, location: 2F
1-1: Foul Ball, location: 2F
1-2: Strikes out swinging
Batting: RHB Hatui Haunani 0-0: Called Strike
0-1: SINGLE (Groundball, 6D)
Batting: RHB Martin van Veldhuizen 0-0: Ball
1-0: SINGLE (Flyball, 78M)
Hatui Haunani to second
Batting: RHB Francisco Guerra 0-0: Foul Ball, location: 2F
0-1: Ground out U3 (Groundball, 34)
Top of the 8th over - 0 runs, 2 hits, 0 errors, 2 left on base; Lake Minnetonka 2 - Chesapeake 1
BOTTOM OF THE 8TH
Chesapeake Continentals batting - Pitching for Lake Minnetonka Love Boats : RHP Dennis Blanchard
Pitching: LHP Inaki Maira
Batting: RHB Tony Calhoun 0-0: Ball
1-0: Ground out 5-3 (Groundball, 56)
Batting: SHB Bernie Nutall 0-0: Ball
1-0: Called Strike
1-1: Ball
2-1: Ball
3-1: Fly out, F5 (Line Drive, 56)
Batting: RHB Santiago Valentín 0-0: SINGLE (Flyball, 89M)
Batting: LHB Raphaël Duval 0-0: Ball
Balk!
Santiago Valentín to second
1-0: Fly out, F9 (Flyball, 9S)
Bottom of the 8th over - 0 runs, 1 hit, 0 errors, 1 left on base; Lake Minnetonka 2 - Chesapeake 1
TOP OF THE 9TH
Lake Minnetonka Love Boats batting - Pitching for Chesapeake Continentals : LHP Nicolas Michel
Batting: RHB Mike Bean 0-0: Foul Ball, location: 2F
0-1: Ball
1-1: Foul Ball, location: 2F
1-2: Ball
2-2: Ground out 4-3 (Groundball, 4)
Batting: LHB Tom Haymon 0-0: Ball
1-0: Ball
2-0: Called Strike
2-1: Fly out, F9 (Line Drive, 9D)
Batting: SHB Mike Waddingham 0-0: Ball
1-0: Ball
2-0: Ball
3-0: Called Strike
3-1: SINGLE (Line Drive, 6MD)
Batting: RHB Mario van Heijbeeck 0-0: Fielders Choice at 2nd, 6-4 (Groundball, 6)
Top of the 9th over - 0 runs, 1 hit, 0 errors, 1 left on base; Lake Minnetonka 2 - Chesapeake 1
BOTTOM OF THE 9TH
Chesapeake Continentals batting - Pitching for Lake Minnetonka Love Boats : LHP Inaki Maira
Pitching: RHP Harry Stogsdill
Batting: RHB Manuel Ángel 0-0: Ball
1-0: Called Strike
1-1: Ball
2-1: Ground out 1-3 (Groundball, 13)
Batting: RHB Mark Sawyer 0-0: Called Strike
0-1: Ball
1-1: Foul Ball, location: 2F
1-2: Ball
2-2: Strikes out swinging
Batting: SHB Tomás Valdéz 0-0: Fly out, F5 (Popup, 5S)
Bottom of the 9th over - 0 runs, 0 hits, 0 errors, 0 left on base; Lake Minnetonka 2 - Chesapeake 1
Friday, March 29th, 2019 - OOTP Baseball 18.8 Build 76